 Dungeon Crawl Stone Soup version 0.31.0-9-g3a7656b989 (webtiles) character file.

Game seed: 4061210582820412760

170 Kallu the Apothecary (level 5, 0/38 HPs)
             Began as a Vampire Alchemist on Feb 1, 2024.
             Slain by an orc
             ... wielding a +0 mace
              (1 damage)
             ... on level 3 of the Dungeon.
             The game lasted 00:04:42 (2720 turns).

Kallu the Apothecary (Vampire Alchemist)            Turns: 2720, Time: 00:04:44

Health: 0/38       AC:  5    Str:  6 (7)  XL:     5   Next: 26%
Magic:  8/9        EV: 12    Int: 16 (19) God:
Gold:   82         SH:  0    Dex: 18 (21) Spells: 4/10 levels left

rFire   . . .        a - staff of air
rCold   . . .        (no shield)
rNeg    . . .        q - +0 robe
rPois   .            (no helmet)
rElec   +            (no cloak)
rCorr   .            (no gloves)
SInv    +            m - +2 pair of boots
Will    .....        j - amulet of regeneration
Stlth   ++           r - +6 ring of dexterity
HPRegen 1.26/turn    (no ring)
MPRegen 0.11/turn

%: no passive effects
@: brilliant, lethally poisoned (0 -> -1), very slightly contaminated, healing
quickly
A: alive, fangs 3, see invisible, vampiric 2
a: Exsanguinate


You were on level 3 of the Dungeon.
You visited 1 branch of the dungeon, and saw 3 of its levels.

You collected 82 gold pieces.

Inventory:

Missiles
 g - 5 poisoned darts
Armour
 m - a +2 pair of boots (worn)
 q - a +0 robe (worn)
Magical Staves
 a - a staff of air (weapon)
Jewellery
 j - an amulet of regeneration (around neck)
 r - a +6 ring of dexterity (left hand)
Scrolls
 c - 2 scrolls of vulnerability {unknown}
 d - a scroll of immolation {unknown}
 e - a scroll of noise {unknown}
 f - a scroll of teleportation {unknown}
 l - 2 scrolls of poison {unknown}
 n - a scroll of enchant weapon {unknown}
 p - 2 scrolls of fear {unknown}
Potions
 h - a potion of heal wounds {unknown}
 o - a potion of invisibility {unknown}
 s - a potion of berserk rage {unknown}
 t - a potion of brilliance


   Skills:
 + Level 2.3 Fighting
 - Level 2.1 Dodging
 - Level 3.0 Stealth
 - Level 3.0 Spellcasting
 - Level 1.0 Conjurations
 - Level 5.0 Alchemy


You had 4 spell levels left.
You knew the following spells:

 Your Spells              Type           Power      Damage    Failure   Level
a - Sting                 Conj/Alch      72%        1d7       5%          1
b - Mercury Vapours       Alch/Air       46%        N/A       10%         2
c - Mephitic Cloud        Conj/Alch/Air  19%        N/A       24%         3

Your spell library contained the following spells:

 Spells                   Type           Power      Damage    Failure   Level
 Olgreb's Toxic Radiance  Alch           27%        N/A       24%         4
 Hailstorm                Conj/Ice       6%         3d5       41%         3
 Summon Ice Beast         Ice/Summ       3%         N/A       50%         3
 Sticky Flame             Fire/Alch      15%        2d5       54%         4
 Anguish                  Hex/Necr       1%         N/A       88%         4
 Cause Fear               Hex            1%         N/A       88%         4
 Sculpt Simulacrum        Ice/Alch       7%         N/A       100%        6
 Enfeeble                 Hex            1%         N/A       100%        7


Dungeon Overview and Level Annotations

Branches:
Dungeon (3/15)

Altars:


Innate Abilities, Weirdness & Mutations

Your natural rate of healing is accelerated.
You have razor-sharp teeth.
You have supernaturally acute eyesight. (SInv)
You are afflicted with vampirism and can become a bat while bloodless.


Message History

Aim: an orc priest, wielding a +0 flail and wearing a +0 leather armour (60% to hit)
You throw a poisoned dart.
The poisoned dart barely misses the orc priest.
The orc priest hits you with a +0 flail!
* * * LOW HITPOINT WARNING * * *
The orc closely misses you.
Your magical contamination has completely faded away.
Okay, then.
It was a potion of brilliance.
You feel clever all of a sudden.
The orc priest hits you with a +0 flail.
* * * LOW HITPOINT WARNING * * *
The orc hits you with a +0 mace.
* * * LOW HITPOINT WARNING * * *
It was a potion of curing.
You feel better.
The orc priest looks braver for a moment.
The orc misses you. Magic courses through your body.
The orc priest calls down the wrath of Beogh upon you.
Pain shoots through your body!
* * * LOW HITPOINT WARNING * * *
The orc barely misses you.
Unknown command.
Casting: Sting (safe; 4% risk of failure)
Confirm with . or Enter, or press ? or * to list all spells.
Aiming: Mephitic Cloud (quite dangerous; 21% risk of failure)
Press: ? - help, Shift-Dir - straight line, p - orc priest You feel a strong surge of power!
You miscast Mephitic Cloud.
You are very lightly contaminated with residual magic.
You are engulfed in toxic fumes.
You are lethally poisoned!
* * * LOW HITPOINT WARNING * * *
You feel sick. The orc priest misses you. The orc closely misses you.
It was a potion of degeneration.
There was something very wrong with that liquid.
You feel weakened.
You feel dopey.
You feel clumsy.
* * * LOW HITPOINT WARNING * * *
You feel sick. The orc priest closely misses you.
The orc hits you with a +0 mace.
You die...

.. ..........#......#. #...
...#######........#........ #...
.............................#...
..............##.............#...
..............##.......#...######
.......................#.........
.......................#.........
.........)#.....)#...............
........>('....o@o.........####.#
..........#..$####..............#
.......K..#.)................####
....†..o..####..........#....#.##
..###'##### #o.........##...#...
.......# #..........##...#...
...........###o.........#....####
....................#####........
..............................###


You could see an orc priest and an orc.

Vanquished Creatures
  An orc priest (D:3)
  An orc wizard (D:3)
  3 adders
  2 dart slugs (D:2)
  10 orcs
  2 ball pythons
  3 bats
  5 endoplasms
  A giant cockroach (D:2)
  3 goblins
  7 hobgoblins
  12 jackals
  4 quokkas
  3 frilled lizards
  3 kobolds
  8 rats
68 creatures vanquished.

Notes
Turn   | Place    | Note
-------+----------+-------------------------------------------
     0 | D:1      | Kallu the Vampire Alchemist began the quest for the Orb.
     0 | D:1      | Reached XP level 1. HP: 13/13 MP: 3/3
   202 | D:1      | Reached XP level 2. HP: 17/19 MP: 3/5
  1108 | D:2      | Reached skill level 1 in Conjurations
  1190 | D:2      | Gained mutation: You are afflicted with vampirism and can
                  | become a bat while bloodless. [Vampire growth]
  1190 | D:2      | Reached XP level 3. HP: 21/24 MP: 2/7
  1210 | D:2      | Learned a level 2 spell: Mercury Vapours
  1214 | D:2      | Learned a level 3 spell: Mephitic Cloud
  1549 | D:2      | Reached skill level 4 in Alchemy
  2156 | D:2      | Reached XP level 4. HP: 30/30 MP: 5/8
  2497 | D:3      | Reached skill level 5 in Alchemy
  2530 | D:3      | Reached skill level 1 in Fighting
  2694 | D:3      | Reached XP level 5. HP: 38/38 MP: 5/9
  2716 | D:3      | HP: 1/38 [orc/+0 mace (1)]
  2720 | D:3      | Slain by an orc

Illustrated notes

Levels and vault maps discovered:
D:1:      lightli_arrival_isolated_outpost, layout_basic,
          hangedman_decor_slide_cut, minmay_pentomino_o4
D:2:      minmay_door_path, layout_basic
D:3:      layout_basic, mainiacjoe_overflow_tiny_flanked

Skill      XL: |  1  2  3  4 |
---------------+-------------+-----
Spellcasting   | 3 |  3.0
Conjurations   | 1 |  1.0
Alchemy        | 4 5 |  5.0
Fighting       | 2 |  2.3
Dodging        | |  2.1
Stealth        | |  3.0

Action                     |  1- 3 |  4- 6 || total
---------------------------+-------+-------++-------
  Melee: Spear             |    75 |       ||    75
         Unarmed           |     3 |       ||     3
         Bite              |     9 |     7 ||    16
         Punch             |     2 |       ||     2
         Staff             |    13 |    32 ||    45
  Throw: Dart              |       |     4 ||     4
   Cast: Sting             |    49 |    35 ||    84
    Use: Potion            |       |     4 ||     4
   Stab: Sleeping          |     4 |       ||     4
 Armour: Robe              |    75 |    57 ||   132
  Dodge: Dodged            |    67 |    47 ||   114
